| TOP OF THE 1ST |
|
Wichita Aeros batting - Pitching for Indianapolis Indians : RHP Mark Breitenbach
|
|
Pitching: RHP Mark Breitenbach
|
|
|
Batting: SHB Gary Pettis
|
0-0: Foul Ball, location: 2F 0-1: Ball 1-1: Foul Ball, location: 2F 1-2: Ball 2-2: Foul Ball, location: 2F 2-2: Foul Ball, location: 2F 2-2: SINGLE (Line Drive, 8RS, EV 113.1 MPH)
|
|
Batting: RHB Greg Cypret
|
0-0: Ball 1-0: Called Strike 1-1: Called Strike 1-2: Ball 2-2: Ball 3-2: Foul Ball, location: 2F 3-2: Grounds into double play, 1-4-3 (Groundball, P, EV 61.9 MPH)
|
|
Batting: LHB Michael Barnes
|
0-0: Swinging Strike 0-1: Swinging Strike 0-2: Ball 1-2: Foul Ball, location: 2F 1-2: Strikes out swinging
|
| Top of the 1st over - 0 runs, 1 hit, 0 errors, 0 left on base; Wichita 0 - Indianapolis 0 |
| BOTTOM OF THE 1ST |
|
Indianapolis Indians batting - Pitching for Wichita Aeros : RHP Brent Gaff
|
|
Pitching: RHP Brent Gaff
|
|
|
Batting: LHB Elias Nava
|
0-0: Ball 1-0: Fly out, F7 (Flyball, 7LS, EV 85.6 MPH)
|
|
Batting: SHB Julio Estrada
|
0-0: Reached on error, E3 (Groundball, 3, EV 80.0 MPH)
|
|
Batting: LHB Scott Radloff
|
0-0: Called Strike 0-1: Called Strike Julio Estrada is caught stealing 2nd base 2-6 0-2: Ball 1-2: Ball 2-2: Foul Ball, location: 2F 2-2: Foul Ball, location: 2F 2-2: Ball 3-2: Strikes out looking
|
| Bottom of the 1st over - 0 runs, 0 hits, 1 error, 0 left on base; Wichita 0 - Indianapolis 0 |
| TOP OF THE 2ND |
|
Wichita Aeros batting - Pitching for Indianapolis Indians : RHP Mark Breitenbach
|
|
Batting: RHB Bill Schroeder
|
0-0: Called Strike 0-1: Ball 1-1: Swinging Strike 1-2: Ball 2-2: Strikes out swinging
|
|
Batting: LHB Glenn Gulliver
|
0-0: Ground out 4-3 (Groundball, 4, EV 83.1 MPH)
|
|
Batting: LHB Angel Matos
|
0-0: Ball 1-0: Ball 2-0: Foul Ball, location: 2F 2-1: SINGLE (Flyball, 56D, EV 90.0 MPH)
|
|
Batting: RHB Gary House
|
0-0: Ball 1-0: Called Strike 1-1: Ball 2-1: Foul Ball, location: 2F 2-2: Ball 3-2: Foul Ball, location: 2F 3-2: Ground out 4-3 (Groundball, 4S, EV 66.3 MPH)
|
| Top of the 2nd over - 0 runs, 1 hit, 0 errors, 1 left on base; Wichita 0 - Indianapolis 0 |
| BOTTOM OF THE 2ND |
|
Indianapolis Indians batting - Pitching for Wichita Aeros : RHP Brent Gaff
|
|
Batting: LHB Roberto Ruiz
|
0-0: Foul Ball, location: 2F 0-1: Ball 1-1: Fly out, F8 (Flyball, 8LXD, EV 100.0 MPH)
|
|
Batting: RHB Pat Rooney
|
0-0: Ball 1-0: Ball 2-0: Called Strike 2-1: Ball 3-1: Foul Ball, location: 2F 3-2: Foul Ball, location: 2F 3-2: Fly out, F9 (Flyball, 89S, EV 85.6 MPH)
|
|
Batting: LHB Kevin Schoendienst
|
0-0: Ball 1-0: Called Strike 1-1: Swinging Strike 1-2: Ground out 6-3 (Groundball, 56, EV 91.3 MPH)
|
| Bottom of the 2nd over - 0 runs, 0 hits, 0 errors, 0 left on base; Wichita 0 - Indianapolis 0 |
| TOP OF THE 3RD |
|
Wichita Aeros batting - Pitching for Indianapolis Indians : RHP Mark Breitenbach
|
|
Batting: LHB Jesus Ramos
|
0-0: Ball 1-0: Called Strike 1-1: Foul Ball, location: 2F 1-2: Foul Ball, location: 2F 1-2: Ball 2-2: Foul Ball, location: 2F 2-2: Ground out 5-3 (Groundball, 56, EV 104.4 MPH)
|
|
Batting: LHB James Pellack
|
0-0: Foul Ball, location: 2F 0-1: Foul Ball, location: 2F 0-2: Foul Ball, location: 2F 0-2: Foul Ball, location: 2F 0-2: Ball 1-2: Ball 2-2: Ball 3-2: Ground out 4-3 (Groundball, 4S, EV 67.5 MPH)
|
|
Batting: SHB Gary Pettis
|
0-0: Foul Ball, location: 2F 0-1: Swinging Strike 0-2: Strikes out swinging
|
| Top of the 3rd over - 0 runs, 0 hits, 0 errors, 0 left on base; Wichita 0 - Indianapolis 0 |
| BOTTOM OF THE 3RD |
|
Indianapolis Indians batting - Pitching for Wichita Aeros : RHP Brent Gaff
|
|
Batting: RHB Bill Lindsey
|
0-0: Bunt missed! 0-1: Ball 1-1: Called Strike 1-2: Ball 2-2: Ball 3-2: Ground out 3-1 (Groundball, 34, EV 80.6 MPH)
|
|
Batting: LHB David Bertulli
|
0-0: Ball 1-0: Called Strike 1-1: Called Strike 1-2: Ball 2-2: SINGLE (Groundball, 4MD, EV 107.5 MPH)
|
|
Batting: RHB Robert Bonnette
|
0-0: Fly out, F4 (Flyball, 4D, EV 81.3 MPH)
|
|
Batting: LHB Elias Nava
|
0-0: Fly out, F9 (Flyball, 9LD, EV 94.4 MPH)
|
| Bottom of the 3rd over - 0 runs, 1 hit, 0 errors, 1 left on base; Wichita 0 - Indianapolis 0 |
| TOP OF THE 4TH |
|
Wichita Aeros batting - Pitching for Indianapolis Indians : RHP Mark Breitenbach
|
|
Batting: RHB Greg Cypret
|
0-0: Ball 1-0: Called Strike 1-1: Ball 2-1: Swinging Strike 2-2: Fly out, F8 (Line Drive, 8LM, EV 93.1 MPH)
|
|
Batting: LHB Michael Barnes
|
0-0: Ball 1-0: Fly out, F7 (Flyball, 7D, EV 86.9 MPH)
|
|
Batting: RHB Bill Schroeder
|
0-0: Called Strike 0-1: Foul Ball, location: 2F 0-2: Ball 1-2: Foul Ball, location: 2F 1-2: Ball 2-2: Fly out, F7 (Flyball, 7LM, EV 103.1 MPH)
|
| Top of the 4th over - 0 runs, 0 hits, 0 errors, 0 left on base; Wichita 0 - Indianapolis 0 |
| BOTTOM OF THE 4TH |
|
Indianapolis Indians batting - Pitching for Wichita Aeros : RHP Brent Gaff
|
|
Batting: SHB Julio Estrada
|
0-0: Foul Ball, location: 2F 0-1: Ground out 1-3 (Groundball, 34S, EV 68.1 MPH)
|
|
Batting: LHB Scott Radloff
|
0-0: Called Strike 0-1: Ball 1-1: Ball 2-1: Ball 3-1: SINGLE (Line Drive, 8RS, EV 106.9 MPH)
|
|
Batting: LHB Roberto Ruiz
|
Pickoff Throw to First - Out! 1-3 0-0: Ball 1-0: SINGLE (Groundball, 4D, EV 101.3 MPH)
|
|
Batting: RHB Pat Rooney
|
0-0: Ball 1-0: SINGLE (Line Drive, 78S, EV 100.6 MPH) Roberto Ruiz to second Runner from 2nd tries for 3rd, SAFE, throw by LF made to third
|
|
Batting: LHB Kevin Schoendienst
|
0-0: SINGLE (Line Drive, 78S, EV 113.1 MPH) Roberto Ruiz scores Pat Rooney to second
|
|
Batting: RHB Bill Lindsey
|
0-0: Called Strike 0-1: Swinging Strike 0-2: Ball 1-2: Ball 2-2: Foul Ball, location: 2F 2-2: Fly out, F9 (Flyball, 9D, EV 91.9 MPH)
|
| Bottom of the 4th over - 1 run, 4 hits, 0 errors, 2 left on base; Wichita 0 - Indianapolis 1 |
| TOP OF THE 5TH |
|
Wichita Aeros batting - Pitching for Indianapolis Indians : RHP Mark Breitenbach
|
|
Batting: LHB Glenn Gulliver
|
0-0: Swinging Strike 0-1: Fly out, F6 (Popup, 6M, EV 78.8 MPH)
|
|
Batting: LHB Angel Matos
|
0-0: Fly out, F7 (Flyball, 78XD, EV 100.0 MPH)
|
|
Batting: RHB Gary House
|
0-0: Foul Ball, location: 2F 0-1: Ball 1-1: Ball 2-1: Swinging Strike 2-2: Foul Ball, location: 2F 2-2: Ball 3-2: Ground out U3 (Groundball, 34S, EV 81.9 MPH)
|
| Top of the 5th over - 0 runs, 0 hits, 0 errors, 0 left on base; Wichita 0 - Indianapolis 1 |
| BOTTOM OF THE 5TH |
|
Indianapolis Indians batting - Pitching for Wichita Aeros : RHP Brent Gaff
|
|
Batting: LHB David Bertulli
|
0-0: Foul Ball, location: 2F 0-1: Called Strike 0-2: Strikes out swinging
|
|
Batting: RHB Robert Bonnette
|
0-0: Called Strike 0-1: Ball 1-1: SINGLE (Line Drive, 9S, EV 90.6 MPH)
|
|
Batting: LHB Elias Nava
|
0-0: Foul Ball, location: 2F 0-1: Called Strike 0-2: Ball 1-2: Foul Ball, location: 2F 1-2: Foul Ball, location: 2F 1-2: SINGLE (Line Drive, 7S, EV 93.8 MPH) Robert Bonnette to second
|
|
Batting: SHB Julio Estrada
|
0-0: Called Strike 0-1: Ball 1-1: Fly out, F6 (Popup, 6D, EV 50.0 MPH)
|
|
Batting: LHB Scott Radloff
|
0-0: Foul Ball, location: 2F 0-1: Foul Ball, location: 2F 0-2: Fielders Choice at 2nd, 6-4 (Groundball, 6, EV 87.5 MPH)
|
| Bottom of the 5th over - 0 runs, 2 hits, 0 errors, 2 left on base; Wichita 0 - Indianapolis 1 |
| TOP OF THE 6TH |
|
Wichita Aeros batting - Pitching for Indianapolis Indians : RHP Mark Breitenbach
|
|
Batting: LHB Jesus Ramos
|
0-0: Ball 1-0: Ground out 5-3 (Groundball, 56, EV 95.0 MPH)
|
|
Batting: LHB James Pellack
|
0-0: Foul Ball, location: 2F 0-1: Ball 1-1: Foul Ball, location: 2F 1-2: Foul Ball, location: 2F 1-2: Ball 2-2: Ball 3-2: Ground out 4-3 (Groundball, 4, EV 105.0 MPH)
|
|
Batting: SHB Gary Pettis
|
0-0: Called Strike 0-1: Ball 1-1: Ball 2-1: SINGLE (Groundball, 56, EV 97.5 MPH)
|
|
Batting: RHB Greg Cypret
|
0-0: Called Strike Gary Pettis steals 2nd base 0-1: Called Strike 0-2: SINGLE (Groundball, 4MD, EV 95.0 MPH) Gary Pettis to third Runner from 3rd tries for Home, SAFE, throw by CF to home
|
|
Batting: LHB Michael Barnes
|
0-0: Ball 1-0: Ball 2-0: Foul Ball, location: 2F 2-1: Ball 3-1: SINGLE (Groundball, 56S, EV 64.4 MPH) (infield hit) Greg Cypret to second
|
|
Batting: RHB Bill Schroeder
|
0-0: Called Strike 0-1: Ground out 5-3 (Groundball, 56S, EV 65.6 MPH)
|
| Top of the 6th over - 1 run, 3 hits, 0 errors, 2 left on base; Wichita 1 - Indianapolis 1 |
| BOTTOM OF THE 6TH |
|
Indianapolis Indians batting - Pitching for Wichita Aeros : RHP Brent Gaff
|
|
Batting: LHB Roberto Ruiz
|
0-0: Swinging Strike 0-1: Ball 1-1: Foul Ball, location: 2F 1-2: Ball 2-2: Foul Ball, location: 2F 2-2: SINGLE (Line Drive, 6MD, EV 99.4 MPH)
|
|
Batting: RHB Pat Rooney
|
0-0: Ball 1-0: Grounds into double play, 6-4-3 (Groundball, 56, EV 81.9 MPH)
|
|
Batting: LHB Kevin Schoendienst
|
0-0: Called Strike 0-1: Ball 1-1: Foul Ball, location: 2F 1-2: Ball 2-2: Ball 3-2: Base on Balls
|
|
Batting: RHB Bill Lindsey
|
0-0: Called Strike 0-1: Ball Kevin Schoendienst steals 2nd base 1-1: Foul Ball, location: 2F 1-2: Ball 2-2: SINGLE (Line Drive, 34D, EV 98.1 MPH) Kevin Schoendienst to third Runner from 3rd tries for Home, SAFE, throw by RF to home
|
|
Batting: LHB David Bertulli
|
0-0: Ball 1-0: Ground out 4-3 (Groundball, 4, EV 86.3 MPH)
|
| Bottom of the 6th over - 1 run, 2 hits, 0 errors, 1 left on base; Wichita 1 - Indianapolis 2 |
| TOP OF THE 7TH |
|
Wichita Aeros batting - Pitching for Indianapolis Indians : RHP Mark Breitenbach
|
|
Batting: LHB Glenn Gulliver
|
0-0: Ball 1-0: Ground out 6-3 (Groundball, 6, EV 102.5 MPH)
|
|
Batting: LHB Angel Matos
|
0-0: Foul Ball, location: 2F 0-1: Foul Ball, location: 2F 0-2: Ball 1-2: DOUBLE (Line Drive, 9LM, EV 108.1 MPH)
|
|
Pinch Hitting: LHB Omar Guerrero
|
0-0: Fly out, F9 (Flyball, 89M, EV 87.5 MPH)
|
|
Batting: LHB Jesus Ramos
|
0-0: Swinging Strike 0-1: Ball 1-1: Ball 2-1: Ground out 5-3 (Groundball, 56, EV 88.8 MPH)
|
| Top of the 7th over - 0 runs, 1 hit, 0 errors, 1 left on base; Wichita 1 - Indianapolis 2 |
| BOTTOM OF THE 7TH |
|
Indianapolis Indians batting - Pitching for Wichita Aeros : RHP Brent Gaff
|
|
Now in LF: Omar Guerrero
|
|
|
Batting: RHB Robert Bonnette
|
0-0: Foul Ball, location: 2F 0-1: Fly out, F9 (Flyball, 9, EV 81.3 MPH)
|
|
Batting: LHB Elias Nava
|
0-0: Called Strike 0-1: Ball 1-1: Fly out, F9 (Line Drive, 9, EV 111.9 MPH)
|
|
Batting: SHB Julio Estrada
|
0-0: Called Strike 0-1: Called Strike 0-2: SINGLE (Groundball, 6MD, EV 103.1 MPH)
|
|
Batting: LHB Scott Radloff
|
0-0: Called Strike 0-1: Ball 1-1: Foul Ball, location: 2F 1-2: Ball 2-2: Foul Ball, location: 2F 2-2: Ball 3-2: Base on Balls Julio Estrada to second
|
|
Batting: LHB Roberto Ruiz
|
0-0: Foul Ball, location: 2F 0-1: Ball 1-1: Ball 2-1: Ground out 5-3 (Groundball, 56S, EV 88.8 MPH)
|
| Bottom of the 7th over - 0 runs, 1 hit, 0 errors, 2 left on base; Wichita 1 - Indianapolis 2 |
| TOP OF THE 8TH |
|
Wichita Aeros batting - Pitching for Indianapolis Indians : RHP Mark Breitenbach
|
|
Batting: LHB James Pellack
|
0-0: Ball 1-0: Swinging Strike 1-1: Swinging Strike 1-2: Ball 2-2: Strikes out swinging
|
|
Batting: SHB Gary Pettis
|
0-0: Ball 1-0: Fly out, F9 (Flyball, 9D, EV 93.8 MPH)
|
|
Batting: RHB Greg Cypret
|
0-0: Called Strike 0-1: Fly out, F4 (Popup, 34D, EV 61.9 MPH)
|
| Top of the 8th over - 0 runs, 0 hits, 0 errors, 0 left on base; Wichita 1 - Indianapolis 2 |
| BOTTOM OF THE 8TH |
|
Indianapolis Indians batting - Pitching for Wichita Aeros : RHP Brent Gaff
|
|
Batting: RHB Pat Rooney
|
0-0: Foul Ball, location: 2F 0-1: Called Strike 0-2: Strikes out looking
|
|
Batting: LHB Kevin Schoendienst
|
0-0: Ball 1-0: Ground out 3-1 (Groundball, 34S, EV 90.6 MPH)
|
|
Batting: RHB Bill Lindsey
|
0-0: Ball 1-0: Ground out 4-3 (Groundball, 4M, EV 97.5 MPH)
|
| Bottom of the 8th over - 0 runs, 0 hits, 0 errors, 0 left on base; Wichita 1 - Indianapolis 2 |
| TOP OF THE 9TH |
|
Wichita Aeros batting - Pitching for Indianapolis Indians : RHP Mark Breitenbach
|
|
Pitching: LHP Lee Guetterman
|
|
|
Now at 3B: Juan Bernhardt
|
|
|
Batting: LHB Michael Barnes
|
0-0: Fly out, F8 (Flyball, 78XD, EV 86.3 MPH)
|
|
Batting: RHB Bill Schroeder
|
0-0: Ball 1-0: Foul Ball, location: 2F 1-1: Ball 2-1: Ball 3-1: DOUBLE (Line Drive, 9D, EV 111.9 MPH)
|
|
Pinch Hitting: RHB Dave Hoenstine
|
0-0: Foul Ball, location: 2F 0-1: Swinging Strike 0-2: Foul Ball, location: 2F 0-2: Strikes out swinging
|
|
Batting: RHB Dave Stenhouse
|
0-0: Ball 1-0: Called Strike 1-1: Foul Ball, location: 2F 1-2: Fly out, F9 (Flyball, 9D, EV 90.6 MPH)
|
| Top of the 9th over - 0 runs, 1 hit, 0 errors, 1 left on base; Wichita 1 - Indianapolis 2 |
|